 Dungeon Crawl Stone Soup version 0.20.1-1-g8b1a95d (webtiles) character file.

215 vineage the Slasher (level 5, 0/40 HPs)
             Began as a Demonspawn Gladiator on Sept 22, 2017.
             Killed by nerve-wracking pain
             ... invoked by an orc priest
              (5 damage)
             ... on level 4 of the Dungeon.
             The game lasted 00:04:55 (2244 turns).

vineage the Slasher (Demonspawn Gladiator)          Turns: 2244, Time: 00:04:56

Health: 0/40       AC: 16    Str: 16    XL:     5   Next: 60%
Magic:  5/5        EV:  1    Int:  9    God:
Gold:   107        SH:  4    Dex: 17    Spells: 4/4 levels left

rFire    . . .     SeeInvis +   a - +1 long sword
rCold    . . .     Gourm    .   (no shield)
rNeg     . . .     Faith    .   q - +0 crystal plate armour (curse)
rPois    .         Spirit   .   c - +0 helmet
rElec    .         Reflect  .   (no cloak)
rCorr    .         Harm     .   (no gloves)
MR       .....                  (no boots)
Stlth    ..........             (no amulet)
Regen    0.2/turn               n - ring of see invisible
MPRegen  0.1/turn               i - +3 ring of dexterity

@: no status effects
A: large bone plates 1, rot immunity
a: no special abilities


You were on level 4 of the Dungeon.
You were hungry.

You visited 1 branch of the dungeon, and saw 4 of its levels.

You collected 107 gold pieces.

Inventory:

Hand Weapons
 a - a +1 long sword (weapon)
Missiles
 d - 3 throwing nets (quivered)
Armour
 b - a +0 leather armour
 c - a +0 helmet (worn)
 p - a +0 plate armour
 q - a cursed +0 crystal plate armour (worn)
Jewellery
 i - a +3 ring of dexterity (right hand)
 n - a ring of see invisible (left hand)
Scrolls
 e - a scroll of blinking
 h - a scroll of enchant weapon
 j - 2 scrolls of identify
Books
 k - a book of Misfortune

   Spells                             Type                      Level
   a - Confusing Touch                Hexes                        1
   b - Confuse                        Hexes                        3
   c - Gell's Gravitas                Translocation                3
   d - Petrify                        Transmutation/Earth          4
   e - Metabolic Englaciation         Hexes/Ice                    5
   f - Yara's Violent Unravelling     Hexes/Transmutation          5
Comestibles
 f - a bread ration
 m - 2 royal jellies
 o - a meat ration


   Skills:
 + Level 2.8 Fighting
 + Level 4.5 Long Blades
 + Level 1.8 Throwing
 + Level 2.1 Armour
 + Level 3.1 Dodging
 + Level 0.4 Stealth


You had 4 spell levels left.
You didn't know any spells.

Dungeon Overview and Level Annotations

Branches:
Dungeon (4/15)
 Temple: D:4-7

Altars:


Innate Abilities, Weirdness & Mutations

You are partially covered in large bone plates. (SH +4)
You are immune to rotting.


Message History

You block the orc's attack.
You closely miss the orc priest.
The orc priest is heavily wounded.
The orc hits you but does no damage. x2; You block the orc priest's attack.
The orc hits you. The orc hits you but does no damage. x2
Your crystal plate armour prevents you from hitting the orc priest.
The orc priest is heavily wounded.
The orc priest invokes the aid of Beogh against you.
Beogh smites you!
* * * LOW HITPOINT WARNING * * *
The orc hits you but does no damage. The orc hits you with a dagger.
* * * LOW HITPOINT WARNING * * *
You block the orc's attack. The orc priest completely misses you.
The orc hits you but does no damage.
You hit the orc priest.
The orc priest is almost dead.
The orc hits you but does no damage. x2
The orc priest invokes the aid of Beogh against you.
Pain shoots through your body!
You die...

.. ##. ... #.# +#
##.## .>. ##...###
...% #...)o.## .oo..
..####..@oa.####......
........oo<....'......
######.#...####......
#.##.## ..... #<####
.... #.# ... #.# +#
#.# #.#


You could see a worker ant, an orc priest and 3 orcs.

Vanquished Creatures
  A scorpion (D:4)
  2 orc wizards
  3 adders
  An ooze (D:1)
  2 worms (D:2)
  2 leopard geckos
  6 orcs (D:3)
  10 bats
  3 giant cockroaches
  6 goblins
  6 hobgoblins
  2 quokkas (D:2)
  6 frilled lizards
  7 kobolds
  7 rats
64 creatures vanquished.

Notes
Turn   | Place    | Note
-------+----------+-------------------------------------------
     0 | D:1      | vineage the Demonspawn Gladiator began the quest for the Orb.
     0 | D:1      | Reached XP level 1. HP: 16/16 MP: 1/1
   197 | D:1      | Gained mutation: You are immune to rotting. [demonic ancestry]
   197 | D:1      | Reached XP level 2. HP: 17/22 MP: 2/2
   462 | D:1      | Reached skill level 3 in Long Blades
   624 | D:1      | Reached XP level 3. HP: 15/27 MP: 3/3
  1167 | D:2      | You fall through a shaft!
  1213 | D:3      | Reached skill level 1 in Armour
  1213 | D:3      | Reached XP level 4. HP: 27/34 MP: 4/4
  1804 | D:3      | Reached skill level 4 in Long Blades
  2218 | D:4      | Gained mutation: You are partially covered in large bone plates. (SH +4) [demonic ancestry]
  2218 | D:4      | Reached XP level 5. HP: 32/39 MP: 5/5
  2244 | D:4      | Killed from afar by an orc priest

Skill      XL: |  1  2  3  4  5 |
---------------+----------------+-----
Long Blades    | 3 4 |  4.5
Armour         | 1 2 |  2.1
Dodging        | 3 |  3.1
Fighting       | |  2.8
Throwing       | |  1.8
Stealth        | |  0.4

Action                   |  1- 3 |  4- 6 || total
-------------------------+-------+-------++-------
Melee: Long sword        |   101 |   162 ||   263
  Use: Scroll            |     2 |     5 ||     7
       Potion            |     1 |     2 ||     3
 Stab: Sleeping          |     2 |       ||     2
  Eat: Chunk             |     1 |     3 ||     4
Armor: Leather armour    |    20 |       ||    20
       Plate armour      |    27 |    82 ||   109
       Crystal plate arm |       |   125 ||   125
Dodge: Dodged            |    53 |    26 ||    79
Block: Other             |       |     7 ||     7
       Rpst.: Long sword |    21 |     6 ||    27
